[Event "LAT-ch Women 2017"]
[Site "Riga"]
[Date "2017.10.08"]
[Round "4"]
[White "Maklakova, Nellija"]
[Black "Krumina, Linda"]
[Result "0-1"]
[ECO "A30"]
[WhiteElo "1800"]
[BlackElo "2096"]
[Annotator "NA RC"]
[PlyCount "92"]
[EventDate "2017.??.??"]
[EventType "swiss"]
[EventCountry "LAT"]
[SourceTitle "playchess.com"]
[Source "ChessBase"]
[SourceQuality "1"]
[TimeControl "5400+30"]

1. c4 c5 2. g3 Nc6 3. Bg2 d6 4. Nf3 g6 5. Nc3 Bg7 6. O-O Nf6 7. d4 cxd4 8. Nxd4 Bd7 9. e3 {[%emt 0:06:23] A31: Symmetrical English: 2 Nf3 Nf6 3 d4} h5 10. h4 {[%emt 0:01:55] LiveBook: 3 Games} Qc8 11. Nxc6 $146 ({Predecessor:} 11. Re1 O-O 12. b3 Bg4 13. Qd2 Ne5 14. Bb2 Re8 15. Rac1 Bh3 16. Bh1 Nfd7 {0-1 (65) Kjartansson,G (2430)-L'Ami,E (2622) Reykjavik 2013}) 11... bxc6 12. Re1 Ng4 13. c5 d5 14. Ne2 e5 (14... O-O $17) 15. e4 d4 16. Bg5 f6 17. Bd2 Be6 18. f3 Nh6 19. Qa4 O-O 20. Kh2 Qd7 21. Rad1 Rab8 22. Bc1 (22. b3 $15) 22... Rb7 23. Bf1 {[%emt 0:01:26] [#]} ({White should try} 23. b3) 23... Rfb8 (23... g5 $142 $1 24. Bg2 (24. hxg5 fxg5) 24... Nf7) 24. Ng1 Nf7 25. Qa5 Qe7 26. Ba6 Rd7 27. b3 Bf8 28. Ba3 f5 29. exf5 gxf5 30. Qa4 $2 (30. Nh3 $17) 30... f4 31. Qxc6 fxg3+ 32. Kxg3 Bh6 33. Bc1 Kh8 34. Qe4 Rg8+ 35. Kf2 Bd5 36. Qf5 Qxh4+ 37. Ke2 Rg2+ 38. Kd3 {[%emt 0:00:15] [#]} e4+ $1 39. fxe4 Qg3+ 40. Be3 Bxe3 $19 (40... Ne5+ $142 41. Qxe5+ Qxe5 42. Bf4 Qxf4 43. exd5 Qg3+ 44. Nf3 Qxf3+ 45. Kc4 Qxd5+ 46. Kb5 Rc7 47. Re8+ Kh7 48. Re7+ Rxe7 49. Rf1 Rxa2 50. Bc8 {[#]} a6+ $1 51. Kb6 Qd8+ 52. Kc6 Rc7+ 53. Kb6 Rxc8+ 54. Kb7 Qc7#) 41. Ne2 {[%emt 0:01:02] [#]} Ne5+ (41... Rxe2 $142 $1 42. Rxe2 {[#]} (42. Kxe2 Be6) 42... Bxb3 $1 43. Qf6+ Kh7) 42. Kc2 {[%emt 0:00:14] [#]} d3+ $1 43. Bxd3 Nxd3 44. Qxh5+ Kg7 45. Rxd3 Bxe4 46. Kc3 Qxe1+ 0-1

[Event "LAT-ch Women 2017"]
[Site "Riga"]
[Date "2017.10.08"]
[Round "4"]
[White "Sarnovska, Eira"]
[Black "Erneste, Inguna"]
[Result "1-0"]
[ECO "A14"]
[WhiteElo "1727"]
[BlackElo "2133"]
[Annotator "RC"]
[PlyCount "76"]
[EventDate "2017.??.??"]
[EventType "swiss"]
[EventCountry "LAT"]
[SourceTitle "playchess.com"]
[Source "ChessBase"]
[SourceQuality "1"]
[TimeControl "5400+30"]

1. Nf3 d5 2. c4 e6 3. g3 Nf6 4. Bg2 Be7 5. O-O O-O 6. d3 c5 7. Bd2 Nc6 8. Re1 d4 9. a3 a5 10. a4 e5 11. e4 dxe3 12. Bxe3 Bf5 13. Ra3 Qd7 14. Bc1 Qc7 15. Nc3 Rad8 16. Nb5 Qb8 17. Qe2 Nd7 18. Rb3 Bf6 19. Nd2 Nb4 20. Qf3 Bg6 21. Ne4 Be7 22. h4 h6 23. Qg4 Kh8 24. Be3 b6 25. f4 exf4 26. Bxf4 Ne5 27. Qe2 f6 28. Rd1 Rfe8 29. d4 cxd4 30. Rxd4 Rxd4 31. Nxd4 Qc8 32. Rc3 Bc5 33. Nxc5 Qxc5 34. Be3 Ned3 35. Qg4 Rxe3 36. Qxg6 Qxd4 37. Kh2 Re2 38. h5 Qf2 1-0

[Event "LAT-ch Women 2017"]
[Site "Riga"]
[Date "2017.10.08"]
[Round "4"]
[White "Golsta, Ramona"]
[Black "Osobskaja, Zinaida"]
[Result "0-1"]
[ECO "A40"]
[WhiteElo "1719"]
[BlackElo "1646"]
[Annotator "NA RC"]
[PlyCount "111"]
[EventDate "2017.??.??"]
[EventType "swiss"]
[EventCountry "LAT"]
[SourceTitle "playchess.com"]
[Source "ChessBase"]
[SourceQuality "1"]
[TimeControl "5400+30"]

1. d4 e6 2. Nf3 d5 3. Bf4 c5 4. e3 Nc6 5. c3 Bd6 6. Bg3 Nge7 7. Bd3 f6 8. Nbd2 a6 9. a4 O-O 10. O-O Qc7 11. c4 cxd4 12. exd4 Bxg3 13. hxg3 Nb4 14. Qb3 Nxd3 15. Qxd3 a5 16. Rac1 Qd7 17. Qc2 Nc6 18. cxd5 exd5 19. Nb3 g6 20. Nc5 Qd6 21. Rfe1 Kf7 22. Re3 Re8 23. Rxe8 Kxe8 24. Re1+ Kf7 25. Qe2 Ne7 26. Qb5 b6 27. Nd3 Bd7 28. Qb3 Rc8 29. Nf4 Rc4 30. Qe3 Nf5 31. Qd3 Rxa4 32. b3 Rb4 33. Qc3 Qc6 34. Qxc6 Bxc6 35. Ne6 Bd7 36. Nc7 Rxb3 37. Nxd5 Bc6 38. Nc7 Bxf3 39. gxf3 Nxd4 40. Rd1 Nxf3+ 41. Kg2 Ne5 42. f4 Rd3 43. Rh1 Rd2+ 44. Kh3 Nd7 45. Kg4 h5+ 46. Kf3 Ke7 47. Re1+ Kd6 48. Ne8+ Kd5 49. Re7 Kc5 50. Re6 a4 51. Nxf6 Nxf6 52. Rxf6 Rd6 53. Rf8 Kb4 54. Ke4 b5 55. Ke5 Ra6 56. Kd4 0-1

[Event "LAT-ch Women 2017"]
[Site "Riga"]
[Date "2017.10.08"]
[Round "4"]
[White "Ter-Avetisjana, Agnesa Stepania"]
[Black "Golsta, Madara"]
[Result "1/2-1/2"]
[ECO "B78"]
[WhiteElo "1319"]
[BlackElo "1716"]
[Annotator "NA RC"]
[PlyCount "62"]
[EventDate "2017.??.??"]
[EventType "swiss"]
[EventCountry "LAT"]
[SourceTitle "playchess.com"]
[Source "ChessBase"]
[SourceQuality "1"]
[TimeControl "5400+30"]

1. e4 c5 2. Nf3 d6 3. d4 cxd4 4. Nxd4 Nf6 5. Nc3 g6 6. Be3 Bg7 7. f3 Nc6 8. Qd2 O-O 9. Bc4 Bd7 10. O-O-O Rb8 11. g4 b5 12. Bb3 a5 13. Ndxb5 a4 14. Bxa4 Ne5 15. Qe2 Qa5 16. Bd4 Nc6 17. Be3 Rfc8 18. Bb3 Nb4 19. Na3 Rxc3 20. bxc3 Qxa3+ 21. Kd2 Nxa2 22. Ra1 Nxe4+ 23. Kd3 Nexc3 24. Qg2 Bb5+ 25. Kd2 Qb4 26. Bxa2 Nxa2+ 27. Kd1 Bxa1 28. Bf2 Nc3+ 29. Kd2 Ne4+ 30. Ke3 Qd2+ 31. Kxe4 d5# 1/2-1/2

[Event "LAT-ch Women 2017"]
[Site "Riga"]
[Date "2017.10.08"]
[Round "5"]
[White "Erneste, Inguna"]
[Black "Limanovska, Elizabete"]
[Result "1/2-1/2"]
[ECO "B92"]
[WhiteElo "2133"]
[BlackElo "1972"]
[Annotator "ChessBase"]
[PlyCount "86"]
[EventDate "2017.??.??"]
[EventType "swiss"]
[EventCountry "LAT"]
[SourceTitle "playchess.com"]
[Source "ChessBase"]
[SourceQuality "1"]
[TimeControl "5400+30"]

1. e4 c5 2. Nf3 d6 3. d4 cxd4 4. Nxd4 Nf6 5. Nc3 a6 6. Be2 e5 7. Nb3 Be7 8. O-O O-O 9. a4 b6 10. f4 Bb7 11. Bf3 Nbd7 12. f5 b5 13. Qe1 b4 14. Nd5 Nxd5 15. exd5 a5 16. Qg3 Kh8 17. Be4 Nf6 18. Qf3 Qc7 19. Be3 Rfc8 20. Rf2 Bd8 21. h3 Nxe4 22. Qxe4 Qc4 23. Qxc4 Rxc4 24. Rd1 Re4 25. Rf3 Rc4 26. Rf2 Ba6 27. Rdd2 Re4 28. Rf3 Bc4 29. Kf2 Rc8 30. g3 Bxb3 31. cxb3 Rxe3 32. Kxe3 Bg5+ 33. Ke2 Bxd2 34. Kxd2 Rc5 35. Rd3 g5 36. Ke3 Kg7 37. Rd2 Kf6 38. g4 Rc1 39. Kd3 Ke7 40. Ke4 Kd7 41. f6 Rf1 42. Rc2 Rf4+ 43. Ke3 Rd4 1/2-1/2

[Event "LAT-ch Women 2017"]
[Site "Riga"]
[Date "2017.10.08"]
[Round "5"]
[White "Krumina, Linda"]
[Black "Berzina, Ilze"]
[Result "1/2-1/2"]
[ECO "D10"]
[WhiteElo "2096"]
[BlackElo "2245"]
[Annotator "ChessBase"]
[PlyCount "129"]
[EventDate "2017.??.??"]
[EventType "swiss"]
[EventCountry "LAT"]
[SourceTitle "playchess.com"]
[Source "ChessBase"]
[SourceQuality "1"]
[TimeControl "5400+30"]

1. d4 d5 2. c4 c6 3. Nc3 dxc4 4. e3 b5 5. a4 b4 6. Ne4 Qd5 7. Nd2 Ba6 8. Qc2 e5 9. dxe5 Qxe5 10. Ngf3 Qc7 11. Bxc4 Nf6 12. O-O Bxc4 13. Nxc4 Be7 14. b3 O-O 15. Bb2 Nbd7 16. Rac1 Rac8 17. h3 Rfe8 18. Nce5 Nxe5 19. Bxe5 Qa5 20. Rfd1 h6 21. Qc4 Nd5 22. Qg4 Bf8 23. Bb2 Red8 24. Ne5 Nc3 25. Rxd8 Qxd8 26. Bxc3 bxc3 27. Rxc3 c5 28. Rd3 Qc7 29. Qf5 Re8 30. Nc4 Rd8 31. Rd5 g6 32. Qd3 Rxd5 33. Qxd5 Bg7 34. Qa8+ Kh7 35. Qd5 Kg8 36. Nd6 Qd7 37. e4 Qe7 38. g3 Be5 39. Nc4 Bd4 40. Kg2 Qf6 41. f4 g5 42. f5 h5 43. g4 hxg4 44. hxg4 Qh6 45. Nd6 Qf6 46. Nc4 Qh6 47. Ne5 Bxe5 48. Qxe5 Qa6 49. Qe8+ Kg7 50. Qb5 Qf6 51. Qxc5 Qb2+ 52. Qf2 Qxb3 53. Qd4+ Kh7 54. e5 Qc2+ 55. Kf3 Qc6+ 56. Qe4 Qc3+ 57. Qe3 Qc6+ 58. Kg3 Qc7 59. Kh3 Qc6 60. Qxg5 Qh1+ 61. Kg3 Qg1+ 62. Kf3 Qf1+ 63. Ke4 Qc4+ 64. Kf3 Qf1+ 65. Ke4 1/2-1/2

[Event "LAT-ch Women 2017"]
[Site "Riga"]
[Date "2017.10.08"]
[Round "5"]
[White "Lazdina, Ingrida"]
[Black "Ungure, Liga"]
[Result "0-1"]
[ECO "A25"]
[WhiteElo "1937"]
[BlackElo "1923"]
[Annotator "NA"]
[PlyCount "132"]
[EventDate "2017.??.??"]
[EventType "swiss"]
[EventCountry "LAT"]
[SourceTitle "playchess.com"]
[Source "ChessBase"]
[SourceQuality "1"]
[TimeControl "5400+30"]

1. c4 e5 2. Nc3 Nc6 3. d3 g6 4. g3 Bg7 5. Bg2 f5 6. e3 Nf6 7. Nge2 O-O 8. O-O d6 9. a3 Be6 {[%emt 0:01:59] A21: Englische Eröffnung} (9... Rb8 10. Bd2 Bd7 11. Rc1 Kh8 12. b4 {½-½ (12) Ghaem Maghami,E (2552)-Iuldachev,S (2550) Teheran 2004}) 10. Qc2 Qd7 11. b3 d5 $146 ({Vorgänger:} 11... Rae8 12. Bb2 g5 13. d4 exd4 14. Nxd4 Nxd4 15. exd4 c6 16. Qd2 d5 17. cxd5 Nxd5 18. Qxg5 Nxc3 19. Bxc3 Bxb3 {0-1 (55) Buschmann,S-Windelband,J (2101) Germany 2003}) 12. cxd5 Nxd5 13. Bb2 Nb6 14. f4 Rad8 15. Rad1 Qf7 16. Nc1 exf4 17. gxf4 Nd5 18. Nxd5 Bxd5 19. Bxg7 Kxg7 20. Qc3+ Kg8 21. e4 Be6 22. e5 Nd4 23. b4 c6 24. Rf2 Qc7 25. Ne2 {[%emt 0:09:02] [#]} Qb6 $1 26. Qb2 Nxe2+ 27. Qxe2 Rd4 28. Kh1 Rfd8 29. Qc2 Qa6 30. Bf1 Qxa3 31. Qc5 R8d7 32. Kg1 Rxb4 33. d4 Ra4 34. Qxa3 Rxa3 35. Bg2 Kf7 36. Rb2 a5 37. Rdb1 Rxd4 $2 (37... a4 $19 38. Rxb7 Rc3) 38. Rxb7+ Rd7 39. Bxc6 Rxb7 40. Rxb7+ Kf8 41. Rxh7 Rc3 42. Bb5 Rb3 43. Bc6 {[%emt 0:00:44] [#]} Rb6 $1 44. Rc7 (44. Bg2 $17) 44... Rb4 45. Ra7 Rxf4 46. Rxa5 g5 47. Ra8+ Kg7 48. Ra7+ Kf8 49. Ra8+ Ke7 50. Ra7+ Kd8 51. Rg7 g4 52. Kg2 Rc4 53. Bb7 f4 54. Rg6 Rc2+ 55. Kg1 Ke7 56. Rg7+ Kf8 (56... Ke8 57. Rg6 Rc1+ 58. Kf2) 57. Rg5 $2 Kf7 (57... f3 $17 58. Ba6 Rg2+ 59. Kf1 Rxh2) 58. Be4 $1 Re2 59. Bg6+ (59. Bf5 $11) 59... Ke7 60. Bh5 $2 (60. Bd3 $17 Re3 61. Bb5) 60... f3 61. Bxg4 Rg2+ 62. Kf1 Bxg4 63. h4 Bh3 64. Rxg2 fxg2+ 65. Kf2 Ke6 66. h5 Kxe5 0-1

[Event "LAT-ch Women 2017"]
[Site "Riga"]
[Date "2017.10.08"]
[Round "5"]
[White "Golsta, Madara"]
[Black "Sarnovska, Eira"]
[Result "0-1"]
[ECO "C01"]
[WhiteElo "1716"]
[BlackElo "1727"]
[Annotator "NA"]
[PlyCount "80"]
[EventDate "2017.??.??"]
[EventType "swiss"]
[EventCountry "LAT"]
[SourceTitle "playchess.com"]
[Source "ChessBase"]
[SourceQuality "1"]
[TimeControl "5400+30"]

1. e4 e6 2. d4 d5 3. exd5 exd5 4. Nf3 Nf6 5. Bd3 Bg4 6. O-O Be7 7. h3 Bh5 8. Bf4 O-O 9. Nbd2 c5 10. dxc5 Bxc5 11. Nb3 Bb6 12. c3 Nc6 13. Bg5 Qd6 14. Be2 Ne4 15. Bh4 f6 16. g4 Bf7 17. Kg2 Bc7 18. Bd3 g5 19. Bxe4 dxe4 20. Bg3 Qxd1 21. Raxd1 exf3+ 22. Kxf3 Bxg3 23. Kxg3 Rad8 24. Nc5 b6 25. Ne4 Kg7 26. b3 Rxd1 27. Rxd1 Rd8 28. Rxd8 Nxd8 29. Nd6 Nc6 30. h4 Bg6 31. hxg5 fxg5 32. f4 gxf4+ 33. Kxf4 Kf6 34. b4 Ke6 35. Nc4 Ne7 36. Ne3 Nd5+ 37. Nxd5 Kxd5 38. a4 Kc4 39. a5 Kxc3 40. axb6 axb6 0-1

[Event "LAT-ch Women 2017"]
[Site "Riga"]
[Date "2017.10.08"]
[Round "5"]
[White "Vainovska, Valentina"]
[Black "Golsta, Ramona"]
[Result "1/2-1/2"]
[ECO "A04"]
[WhiteElo "1676"]
[BlackElo "1719"]
[Annotator "NA"]
[PlyCount "70"]
[EventDate "2017.??.??"]
[EventType "swiss"]
[EventCountry "LAT"]
[SourceTitle "playchess.com"]
[Source "ChessBase"]
[SourceQuality "1"]
[TimeControl "5400+30"]

1. Nf3 f5 2. d4 Nf6 3. c4 e6 4. Nc3 c6 5. e3 d5 6. Bd3 Bd6 7. Qc2 Ne4 8. a3 a5 9. c5 Bc7 10. Rb1 O-O 11. b4 b5 12. cxb6 Bxb6 13. Na4 Bc7 14. Nc5 axb4 15. axb4 Qf6 16. O-O Nd7 17. Nxd7 Bxd7 18. b5 Rab8 19. Ba3 Rfc8 20. bxc6 Rxb1 21. Rxb1 Bxc6 22. Ba6 Bb7 23. Qd3 Bxa6 24. Qxa6 Re8 25. Qc6 Qd8 26. Rb7 Bd6 27. Bxd6 Nxd6 28. Rc7 h6 29. g3 Nc4 30. Qb7 Qf6 31. h4 g5 32. hxg5 hxg5 33. Kg2 Rf8 34. Re7 g4 35. Nh4 Nb6 1/2-1/2

[Event "LAT-ch Women 2017"]
[Site "Riga"]
[Date "2017.10.08"]
[Round "5"]
[White "Osobskaja, Zinaida"]
[Black "Maklakova, Nellija"]
[Result "0-1"]
[ECO "C01"]
[WhiteElo "1646"]
[BlackElo "1800"]
[Annotator "NA"]
[PlyCount "56"]
[EventDate "2017.??.??"]
[EventType "swiss"]
[EventCountry "LAT"]
[SourceTitle "playchess.com"]
[Source "ChessBase"]
[SourceQuality "1"]
[TimeControl "5400+30"]

1. e4 e6 2. d4 d5 3. exd5 exd5 4. Bd3 Be7 5. h3 Nf6 6. Nf3 O-O 7. O-O Nc6 8. c3 Ne4 9. Qc2 f5 10. Ne5 Nxe5 11. dxe5 Bc5 12. Kh2 Qh4 13. g3 Qh5 14. f4 Bd7 15. b4 Bb6 16. a4 a6 17. c4 dxc4 18. Bxc4+ Kh8 19. Bd5 c6 20. Bxe4 fxe4 21. Qg2 Bg4 22. Ra3 Bf3 23. Qc2 Be2 24. Re1 Bd3 25. Rxd3 exd3 26. Qxd3 Rad8 27. Qc2 Qf3 28. Nc3 Bf2 0-1

[Event "LAT-ch Women 2017"]
[Site "Riga"]
[Date "2017.10.08"]
[Round "5"]
[White "Zalcmane, Vija"]
[Black "Parhomenko, Margarita"]
[Result "0-1"]
[ECO "A22"]
[WhiteElo "1533"]
[BlackElo "1919"]
[Annotator "NA"]
[PlyCount "90"]
[EventDate "2017.??.??"]
[EventType "swiss"]
[EventCountry "LAT"]
[SourceTitle "playchess.com"]
[Source "ChessBase"]
[SourceQuality "1"]
[TimeControl "5400+30"]

1. c4 e5 2. Nc3 Nf6 3. g3 Bb4 4. Bg2 Bxc3 5. bxc3 Nc6 {[%emt 0:00:55] A21: English Opening: 1...e5 2 Nc3} (5... O-O 6. Nf3 Re8 7. O-O e4 8. Ne1 Nc6 9. d3 d5 10. cxd5 Qxd5 11. Nc2 Qh5 12. Ne3 Bh3 13. d4 Rad8 14. Rb1 b6 15. Qa4 Na5 16. Qb5 Qxb5 17. Rxb5 Bxg2 18. Kxg2 c6 {0-1 (48) Ipatov,A (2613)-Sokolov,I (2650) Dubai 2014}) 6. d3 d6 7. Nf3 h6 8. O-O Be6 9. h3 O-O 10. Rb1 Rb8 11. e4 Nd7 12. Be3 f5 13. exf5 Bxf5 14. Nh4 $146 ({Predecessor:} 14. Nh2 Nf6 15. Ng4 Kh8 16. Kh2 Qe8 17. Nxf6 Rxf6 18. Rb2 b6 19. Re2 Qd7 20. g4 Be6 21. f4 exf4 22. Rxf4 Rbf8 {½-½ (22) Morley,P (2262)-Alvarez Villar,H (2333) ICCF email 2011}) 14... Be6 15. Bd5 Bxd5 16. cxd5 Ne7 17. c4 b6 18. Rb2 Nf6 19. Kh2 Qd7 20. g4 g5 21. Ng2 Ng6 22. f3 Rbe8 23. d4 Nf4 (23... a6 $15) 24. dxe5 dxe5 25. Qc2 Kg7 26. Qd1 (26. Nxf4 $11 gxf4 27. Bf2) 26... Qd6 27. Nxf4 gxf4 28. Bf2 e4 29. fxe4 (29. Bd4 $11 {keeps the balance.}) 29... Rxe4 ({Günstiger ist} 29... Nxe4 $17 30. Kh1 Nxf2+ 31. Rbxf2 Re4) 30. Qd3 Qe5 (30... c5 $15) 31. Rd2 Re8 (31... Re3 $5 32. Qd4 Qd6 $11) 32. Kg1 h5 33. Bd4 Qg5 34. Rg2 h4 35. Qc3 Kf7 36. Rgf2 (36. Kh2 $14) 36... Nh5 $1 37. Qd2 {[%emt 0:01:54] [#]} (37. Qd3 $11) 37... Kg8 $1 38. Kh2 Ng3 39. Rg1 $2 (39. Rd1 $17 {is a better chance.}) 39... Ne2 40. Rgf1 (40. Bb2 $142 Nxg1 41. Kxg1) 40... Nxd4 41. Qb2 $19 f3 42. Qc3 Qf4+ 43. Kh1 Qg3 44. Qd2 Qxh3+ 45. Kg1 Rxg4+ 0-1

[Event "LAT-ch Women 2017"]
[Site "Riga"]
[Date "2017.10.09"]
[Round "6"]
[White "Limanovska, Elizabete"]
[Black "Krumina, Linda"]
[Result "0-1"]
[ECO "B41"]
[WhiteElo "1972"]
[BlackElo "2096"]
[Annotator "NA RC"]
[PlyCount "90"]
[EventDate "2017.??.??"]
[EventType "swiss"]
[EventCountry "LAT"]
[SourceTitle "playchess.com"]
[Source "ChessBase"]
[SourceQuality "1"]
[TimeControl "5400+30"]

1. e4 c5 2. Nf3 e6 3. d4 cxd4 4. Nxd4 a6 5. c4 Nc6 6. Nc3 Qc7 7. Nxc6 {[%emt 0:09:59] B41: Sicilian: Kan Variation: 5 c4} (7. Be2 Nf6 8. O-O h5 9. h3 Bc5 10. Be3 b6 11. Rc1 Bb7 12. Nc2 Ne5 13. b4 Bxe3 14. Nxe3 Nxe4 15. Nxe4 Bxe4 16. Qd4 {1-0 (27) Naiditsch,A (2687)-Miezis,N (2509) Tallinn 2016}) 7... dxc6 8. a4 $146 ({Predecessor:} 8. Be3 Nf6 9. Qb3 Bd6 10. g3 e5 11. f3 Be6 12. Bb6 Qe7 13. O-O-O Nd7 14. Na4 Nxb6 15. Qxb6 {0-1 (22) Szczurek,K (2070)-Karas,M (2273) Banska Stiavnica 2017}) 8... Nf6 9. g3 Bb4 10. Bg2 O-O 11. O-O e5 12. Qb3 a5 13. Na2 Bc5 14. Be3 Bd4 15. Rad1 Rd8 16. Nc1 Be6 17. Bxd4 $1 Rxd4 18. Rxd4 exd4 19. Qc2 c5 20. Nd3 Ng4 21. Nf4 Ra6 22. Nd5 Qd8 23. h3 Ne5 24. f4 Nc6 25. f5 (25. e5 $14) 25... Bd7 26. b3 Qg5 27. Qf2 Ne5 28. h4 Qg4 {[%emt 0:02:54] [#]} (28... Qh5 $11 {remains equal.}) 29. Kh2 (29. Nf4 $1 $16 g5 30. fxg6 Rxg6 31. Nxg6 Qxg6 32. Qf4) 29... Rh6 30. Qd2 Ra6 $1 31. Nf4 g5 32. fxg6 $1 hxg6 33. Qf2 $2 {[%emt 0:03:39] [#]} (33. Qc1 $11) 33... Rf6 (33... g5 $1 $19 34. Nd5 Kg7 35. hxg5 Qh5+ 36. Kg1 Qxg5) 34. Qd2 g5 35. Nd3 $1 {[%emt 0:01:24] [#]} Nxd3 $2 ({Black should play} 35... gxh4 $1 $11 36. Rxf6 Qxg3+ 37. Kg1 Nxd3) 36. Rxf6 Ne5 37. Rf1 ({Der einzige Zug:} 37. hxg5 $16 Be6 38. Rf2 (38. Qxa5 Qxg5 39. Rf4 Kg7 $11)) 37... gxh4 38. Qf4 h3 ({Better is} 38... Qxf4 $1 $11 39. gxf4 Ng4+ 40. Kg1 Ne3) 39. Bh1 $2 (39. Bf3 $14 Qg7 40. g4) 39... Qe2+ 40. Rf2 Qxf2+ 41. Qxf2 Ng4+ 42. Kg1 Nxf2 43. Kxf2 Bg4 44. e5 b6 45. Ke1 $19 Kg7 0-1

[Event "LAT-ch Women 2017"]
[Site "Riga"]
[Date "2017.10.09"]
[Round "6"]
[White "Lazdina, Ingrida"]
[Black "Vainovska, Valentina"]
[Result "0-1"]
[ECO "A22"]
[WhiteElo "1937"]
[BlackElo "1676"]
[Annotator "NA RC"]
[PlyCount "64"]
[EventDate "2017.??.??"]
[EventType "swiss"]
[EventCountry "LAT"]
[SourceTitle "playchess.com"]
[Source "ChessBase"]
[SourceQuality "1"]
[TimeControl "5400+30"]

1. c4 e5 2. Nc3 Nf6 3. g3 d6 4. Bg2 g6 5. d3 Bg7 6. Nf3 O-O 7. O-O Nc6 8. Rb1 Bd7 9. b4 {[%emt 0:02:47] A26: English Opening vs King's Indian with ...Nc6 and d3} a6 10. Bg5 $146 ({Predecessor:} 10. a4 Qc8 11. Bg5 Bh3 12. b5 axb5 13. cxb5 Bxg2 14. Kxg2 Ne7 15. Qb3 Qd7 16. Nd2 Nf5 17. Bxf6 Bxf6 {½-½ (41) Larsen,B (2625)-Karpov,A (2705) Milan 1975}) 10... h6 11. Bd2 Rb8 12. Qc1 Kh7 13. a4 Nd4 14. e3 Ne6 15. d4 exd4 16. exd4 c5 17. d5 ({White should play} 17. bxc5 $16 dxc5 18. d5) 17... cxb4 18. Rxb4 Nc5 19. Qa3 Bf5 20. a5 Nfd7 21. Na2 Re8 22. Nc1 Qc7 23. Nh4 Be4 24. f3 {[%emt 0:00:42] [#]} (24. Re1 $142) 24... g5 $2 (24... Bc2 $1 $19 25. Bh3 b5 26. cxb5 axb5 27. Bxd7 Qxd7) 25. fxe4 gxh4 26. Rxf7 Kg8 (26... Rf8 $11 27. Rf5 Ne5) 27. Qf3 Nxe4 28. Rxg7+ Kxg7 29. Qg4+ Ng5 $1 30. gxh4 (30. Nd3 $14 Nc5 31. Bxg5 (31. gxh4 Nxd3 32. Qd4+ Ne5 $17) 31... hxg5 32. Qxg5+ Kh8 33. Qxh4+ Kg8 34. Qg5+ Qg7 35. Qxg7+ Kxg7 36. Nxc5 Re1+ 37. Kf2 dxc5 38. Rb2 (38. Kxe1 cxb4 39. Kd2 Kf6 $11)) 30... Qc5+ 31. Kh1 Qf2 $1 32. Qxd7+ {[%emt 0:00:51] [#]} (32. Bc3+ $11 Kg8 33. hxg5 (33. Qxd7 $2 {gets mated.} Re1+ 34. Bxe1 Qxe1+ 35. Bf1 Qxf1#) (33. Nd3 Qc2 $11) 33... Re1+ 34. Bxe1 Qxe1+ 35. Bf1 Qxf1+ 36. Qg1 Qf3+ 37. Qg2 Qd1+ 38. Qg1 Qf3+ 39. Qg2 Qd1+ 40. Qg1 Qf3+) 32... Kg8 $17 0-1

[Event "LAT-ch Women 2017"]
[Site "Riga"]
[Date "2017.10.09"]
[Round "6"]
[White "Ungure, Liga"]
[Black "Maklakova, Nellija"]
[Result "0-1"]
[ECO "C11"]
[WhiteElo "1923"]
[BlackElo "1800"]
[Annotator "NA RC"]
[PlyCount "88"]
[EventDate "2017.??.??"]
[EventType "swiss"]
[EventCountry "LAT"]
[SourceTitle "playchess.com"]
[Source "ChessBase"]
[SourceQuality "1"]
[TimeControl "5400+30"]

1. e4 e6 2. d4 d5 3. Nc3 Nf6 4. e5 Nfd7 5. Nf3 c5 6. dxc5 Nc6 7. Bf4 Bxc5 8. Bd3 Qb6 9. O-O O-O {[%emt 0:11:14] C11: Französische Verteidigung} (9... Qb4 10. Bg3 a6 11. a3 Qg4 12. Qd2 Nd4 13. Nxd4 Bxd4 14. Be2 Bxc3 15. bxc3 Qa4 16. Rfb1 Nc5 17. f3 {1-0 (62) Waters,C (2207)-Walker,N (2177) England 2016}) 10. Bxh7+ Kxh7 11. Ng5+ Kg6 12. Qd3+ f5 13. exf6+ $146 ({Vorgänger:} 13. Nxe6 Re8 14. Qg3+ Kf7 15. Qxg7+ Kxe6 16. Qg6+ Ke7 {1-0 (16) Nemeth,L-Weiss,F LSS email 2006}) 13... Kxf6 14. Nh7+ Kf7 15. Nxf8 (15. Ng5+ $11 Ke7 16. Qg6 Rxf4 17. Qxe6+ Kd8 18. Nxd5) 15... Nxf8 16. Na4 Qb4 17. Nxc5 Qxf4 18. c3 Ne5 19. Qg3 Nfg6 20. Rae1 Qxg3 21. fxg3+ Ke7 22. Re3 b6 23. Nb3 {[%emt 0:02:31] [#]} Ba6 ({Black should try} 23... Nc4 $1 $17 24. Re2 Ba6) 24. Rfe1 Rf8 (24... Kd6 $15) 25. h4 Rf5 26. Nd4 Rh5 {[%emt 0:00:17] [#]} 27. Nc6+ $1 Kf6 28. Nxa7 Nf8 29. a4 Nd3 (29... Rf5 $11) 30. Rf1+ Rf5 31. Rxf5+ exf5 32. Re8 Nd7 33. b4 Nb2 34. a5 bxa5 35. bxa5 Nd1 36. Nc6 Nxc3 37. Nb4 Nc5 38. Nxa6 Nxa6 {[%emt 0:00:36] [#]} 39. Rc8 $2 ({White should try} 39. Ra8 $1 $18 Nc7 40. Rc8) 39... d4 $1 40. Kf1 Ke5 41. Rc6 Nb4 42. Rg6 $2 (42. Rc4 $11 Ncd5 43. Ke2) 42... d3 43. Ke1 Ne4 44. a6 Nc2+ 0-1

[Event "LAT-ch Women 2017"]
[Site "Riga"]
[Date "2017.10.09"]
[Round "6"]
[White "Golsta, Ramona"]
[Black "Ter-Avetisjana, Agnesa Stepania"]
[Result "0-1"]
[ECO "D02"]
[WhiteElo "1719"]
[BlackElo "1319"]
[Annotator "NA RC"]
[PlyCount "76"]
[EventDate "2017.??.??"]
[EventType "swiss"]
[EventCountry "LAT"]
[SourceTitle "playchess.com"]
[Source "ChessBase"]
[SourceQuality "1"]
[TimeControl "5400+30"]

1. d4 d5 2. Nf3 Nc6 3. Bf4 Nf6 4. e3 a6 5. a4 Bg4 6. Nbd2 e6 7. h3 Bh5 8. Be2 Bd6 9. Bxd6 Qxd6 10. O-O O-O 11. c4 Rad8 12. Rc1 Ne4 13. Nxe4 dxe4 14. Nd2 Bxe2 15. Qxe2 f5 16. Rfd1 Ne7 17. f3 exf3 18. Nxf3 Rf6 19. Ne5 f4 20. e4 Qb6 21. Qc2 Rxd4 22. c5 Qb4 23. b3 Rxe4 24. Nd3 Qa5 25. b4 Rxb4 26. Nxb4 Qxb4 27. Rd8+ Kf7 28. Rd7 f3 29. g3 f2+ 30. Kf1 Qa3 31. Qc3 Qxa4 32. Rxc7 Qe4 33. Qa1 Qh1+ 34. Ke2 Qg2 35. Rf1 Qxg3 36. Rd7 Qf3+ 37. Kd2 Qf4+ 38. Ke2 Qc4+ 0-1

[Event "LAT-ch Women 2017"]
[Site "Riga"]
[Date "2017.10.09"]
[Round "6"]
[White "Dombrovska, Stefanija"]
[Black "Osobskaja, Zinaida"]
[Result "0-1"]
[ECO "D37"]
[WhiteElo "1673"]
[BlackElo "1646"]
[Annotator "NA RC"]
[PlyCount "156"]
[EventDate "2017.??.??"]
[EventType "swiss"]
[EventCountry "LAT"]
[SourceTitle "playchess.com"]
[Source "ChessBase"]
[SourceQuality "1"]
[TimeControl "5400+30"]

1. d4 e6 2. c4 d5 3. Nf3 Nf6 4. Nc3 Be7 5. Bg5 b6 6. e3 O-O 7. Bd3 Nbd7 8. O-O c5 9. cxd5 Nxd5 10. Bxe7 Nxe7 11. Qc2 g6 12. Rad1 cxd4 13. exd4 Bb7 14. Be4 Qc7 15. Bxb7 Qxb7 16. Qd2 Nf6 17. Rfe1 Kg7 18. Ne5 Ned5 19. Nxd5 Nxd5 20. Re4 Qe7 21. Nf3 h6 22. Rde1 Rac8 23. a3 Qc7 24. g3 Nf6 25. Rh4 Rh8 26. Qe3 Nd5 27. Qe5+ Qxe5 28. dxe5 Rc2 29. Rb1 Rhc8 30. Rd4 a5 31. Kf1 R8c7 32. Rd2 R2c5 33. Nd4 g5 34. Ke2 Kg6 35. Kd3 Ne7 36. f4 Rd7 37. Ke3 Rc4 38. Rbd1 Nd5+ 39. Ke4 f5+ 40. exf6 Kxf6 41. fxg5+ hxg5 42. Rf1+ Ke7 43. Kd3 Rc5 44. Re1 Nc7 45. Ke3 Kf6 46. Rf2+ Kg6 47. Nf3 e5 48. Nd2 Nd5+ 49. Ke2 Rc2 50. Kf1 Rf7 51. Rxf7 Kxf7 52. Nf3 Rxb2 53. Rxe5 Ne7 54. Rxg5 Rb3 55. Kg2 Rxa3 56. Rb5 Ra2+ 57. Kh3 Nc8 58. Ne5+ Ke6 59. Nc4 Kd7 60. Ne5+ Kd6 61. Nd3 Rd2 62. Ne5 Re2 63. Nc4+ Kc6 64. Rb1 a4 65. g4 b5 66. Nb2 a3 67. Rc1+ Kb7 68. Nd1 a2 69. g5 Ne7 70. Kg3 b4 71. h4 b3 72. h5 Re1 73. Ra1 Rxd1 74. Rxd1 b2 75. Rd7+ Kc6 76. Rxe7 a1=Q 77. g6 b1=Q 78. Rf7 Qe5+ 0-1